 Dungeon Crawl Stone Soup version 0.30-b1-2-g02819fbbbe (webtiles) character file.

Game seed: 12483734033086986520

5383 sanka the Fighter (level 10, -9/85 HPs)
             Began as a Formicid Enchanter on May 10, 2023.
             Was a Priest of Okawaru.
             Mangled by an orc knight
             ... wielding a +0 halberd
              (23 damage)
             ... in a bailey.
             The game lasted 00:27:23 (10209 turns).

sanka the Fighter (Formicid Enchanter)             Turns: 10209, Time: 00:27:24

Health: -9/85      AC: 10    Str: 15    XL:     10   Next: 98%
Magic:  12/14      EV: 16    Int: 23    God:    Okawaru [***...]
Gold:   27         SH:  0    Dex: 17    Spells: 2/15 levels left

rFire   . . .        h - +5 trident
rCold   . . .        (no shield)
rNeg    . . .        O - +2 robe "Veajal" {Dex+3}
rPois   +            (helmet unavailable)
rElec   .            N - +2 cloak {rPois}
rCorr   .            (no gloves)
SInv    +            p - +2 pair of boots
Will    +....        (no amulet)
Stlth   +++          u - ring of wizardry
HPRegen 0.34/turn    C - +6 ring of intelligence
MPRegen 0.14/turn

%: wizardry (x1)
@: no status effects
A: permanent stasis, dig shafts and tunnels, antennae 3, four strong arms
a: Dig, Renounce Religion, Heroism


You were in a bailey.
You worshipped Okawaru.
Okawaru was most pleased with you.
You visited 2 branches of the dungeon, and saw 10 of its levels.
You also visited: Bailey.

You collected 471 gold pieces.
You spent 444 gold pieces at shops.

Inventory:

Hand Weapons
 a - a +1 dagger
 h - a +5 trident (weapon)
 i - a +1 short sword of electrocution
 A - a +4 quarterstaff of chaos
 F - the +2 trident "Wamak" {flame, rPois rN+++ Int-2 Stlth-}
   (You took it off an orc warrior on level 7 of the Dungeon)

   Int:       It affects your intelligence (-2).
   rPois:     It protects you from poison.
   rN:        It renders you almost immune to negative energy.
   Stlth:     It makes you less stealthy.
 I - a +4 war axe
 J - a +4 dire flail
Missiles
 b - a curare-tipped dart {=f}
Armour
 p - a +2 pair of boots (worn)
 N - a +2 cloak of poison resistance (worn)
 O - the +2 robe "Veajal" (worn) {Dex+3}
   (You found it on level 8 of the Dungeon)

   Dex:       It affects your dexterity (+3).
Jewellery
 m - a ring of protection from fire
 s - a ring of protection from cold
 u - a ring of wizardry (left hand)
 C - a +6 ring of intelligence (right hand)
Wands
 y - a wand of iceblast (1)
 B - a wand of paralysis (6)
 H - a wand of flame (24)
Scrolls
 f - 3 scrolls of fear
 j - 2 scrolls of fog
 k - 3 scrolls of poison
 q - 4 scrolls of vulnerability {!r}
 r - 2 scrolls of immolation {unknown}
 w - 4 scrolls of enchant weapon
 E - 3 scrolls of silence {!r}
 K - a scroll of noise {unknown}
 M - a scroll of amnesia {unknown}
 P - a scroll of brand weapon
Potions
 c - 2 potions of invisibility
 d - a potion of resistance
 e - 3 potions of brilliance {unknown}
 g - 5 potions of mutation {unknown}
 l - a potion of curing {unknown}
 n - a potion of heal wounds {@q2}
 o - a potion of lignification {unknown}
 t - a potion of attraction {unknown}
 x - 2 potions of degeneration {unknown}
 z - a potion of flight {unknown}
 D - a potion of haste {unknown}


   Skills:
 - Level 10.0 Fighting
 - Level 1.0 Short Blades
 - Level 8.0 Dodging
 - Level 3.6 Stealth
 - Level 3.0 Spellcasting
 - Level 6.0 Hexes
 + Level 5.1 Transmutations
 + Level 3.8 Air Magic
 - Level 5.0 Invocations


You had 2 spell levels left.
You knew the following spells:

 Your Spells              Type           Power      Damage    Failure   Level
a - Confusing Touch       Hex            31%        N/A       1%          3
b - Tukima's Dance        Hex            31%        N/A       1%          3
c - Storm Form            Tmut/Air       12%        N/A       99%         7

Your spell library contained the following spells:

 Spells                   Type           Power      Damage    Failure   Level
 Ensorcelled Hibernation  Hex/Ice        34%        N/A       1%          2
 Magic Dart               Conj           12%        1d3       4%          1
 Lesser Beckoning         Tloc           6%         N/A       7%          2
 Dazzling Flash           Conj/Hex       34%        N/A       4%          3
 Mephitic Cloud           Conj/Pois/Air  9%         N/A       9%          3
 Gell's Gravitas          Tloc           3%         N/A       14%         3
 Hailstorm                Conj/Ice       3%         3d3       14%         3
 Teleport Other           Tloc           3%         N/A       14%         3
 Ice Form                 Ice/Tmut       15%        N/A       16%         4
 Maxwell's Capacitive Co  Air            10%        ∞         100%        8
 Call Imp                 Summ           Unusable   N/A       N/A         2
 Summon Lightning Spire   Summ/Air       Unusable   N/A       N/A         4
 Simulacrum               Ice/Necr       Unusable   N/A       N/A         6

Dungeon Overview and Level Annotations

Branches:
Dungeon (9/15)             Temple (1/1) D:6          Bailey (1/1)
   Lair: D:8-11         Orc: D:9-12

Altars:
Ashenzari
Cheibriados
Dithmenos
Elyvilon
Fedhas
Gozag
Hepliaklqana
Kikubaaqudgha
Makhleb
Nemelex Xobeh
Okawaru
Qazlal
Ru
Sif Muna
Trog
Uskayaw
Vehumet
Wu Jian
Xom
Yredelemnul
Zin
The Shining One

Shops:
D:2 ?

Annotations:
D:8 2 transporters, Hyawatha's ghost, novice AtBe


Innate Abilities, Weirdness & Mutations

You cannot be hasted, slowed, berserked, paralysed or teleported.
You can dig through walls and to a lower floor.
You have a pair of large antennae on your head. (SInv)
Your four strong arms can wield two-handed weapons with a shield.


Message History

Unknown command.
Your hands begin to glow red.
The orc knight hits you from afar with a +0 halberd!
You reach to attack!
You hit the orc knight but do no damage.
The orc knight is heavily wounded.
The orc knight hits you from afar with a +0 halberd!
You reach to attack!
You closely miss the orc knight.
The orc knight is heavily wounded.
The orc knight misses you.
You reach to attack!
You closely miss the orc knight.
The orc knight is heavily wounded.
The orc knight hits you from afar with a +0 halberd! x2
You are too injured to fight recklessly!
The orc knight completely misses you.
You hit the orc knight but do no damage.
The orc knight is heavily wounded.
The orc knight hits you with a +0 halberd!
* * * LOW HITPOINT WARNING * * *
You feel much better. The orc knight closely misses you.
You closely miss the orc knight.
The orc knight is heavily wounded.
The orc knight hits you with a +0 halberd!
You hit the orc knight but do no damage.
The orc knight is heavily wounded.
The orc knight hits you with a +0 halberd!!
* * * LOW HITPOINT WARNING * * *
The orc knight closely misses you.
You hit the orc knight but do no damage.
The orc knight is heavily wounded.
The orc knight hits you but does no damage.
The orc knight hits you from afar with a +0 halberd!
* * * LOW HITPOINT WARNING * * *
Aiming: Paralyse
Press: ? - help, Shift-Dir - straight line, f/p - orc knight
Aim: an orc knight, wielding a +0 halberd and wearing a +0 scale mail (heavily wounded, chance to confuse on hit: 43%, chance to affect: 31%)
The orc knight easily resists.
Your hands stop glowing.
The orc knight hits you from afar with a +0 halberd!!
You die...

#.).##{ ..§.
#.~..## ≈§≈≈
#.~)..## §..o
##.~~..# ..⌠∩
#∩.~~..#+# ...⌠
#.)~..##.## ≈...
#o)..##.$.# ≈≈≈.
#.~.##.$$$.
#@~)##########
#.~..........##
#.~~~~~~~~~~..##
#....))....~~..##
##..######..~~..##
#..## ##..~~...
##..# ##..~~~~
#∩∩## ##..... ####
######


You could see an orc knight.

Vanquished Creatures
  Maurice (D:8)
  A kobold demonologist (D:8)
  A hornet (D:8)
  Sigmund (D:2)
  A slime creature (D:8)
  A vampire (D:8)
  A basilisk (D:8)
  3 water moccasins
  An ice beast (D:6)
  2 sky beasts
  5 orc warriors
  2 ogres (D:6)
  A centaur (D:7)
  2 kobold brigands
  3 bullfrogs (D:8)
  A scorpion (D:6)
  21 wights
  6 killer bees
  2 howler monkeys (D:8)
  A jelly (D:6)
  3 hounds (D:6)
  3 orc priests
  Crazy Yiuf (D:5)
  A gnoll bouda (D:5)
  A sleepcap (D:8)
  3 iguanas
  8 orc wizards
  3 gnolls (D:5)
  3 adders
  2 white imps
  2 ufetubi
  4 worms
  2 dart slugs (D:1)
  48 orcs
  3 bats
  10 endoplasms
  5 giant cockroaches
  5 goblins
  11 hobgoblins
  6 jackals
  19 kobolds
  6 quokkas
  9 ball pythons
  A frilled lizard (D:1)
  8 rats
224 creatures vanquished.

Notes
Turn   | Place    | Note
-------+----------+-------------------------------------------
     0 | D:1      | sanka the Formicid Enchanter began the quest for the Orb.
     0 | D:1      | Reached XP level 1. HP: 13/13 MP: 3/3
   101 | D:1      | Reached XP level 2. HP: 13/19 MP: 5/5
   288 | D:1      | Reached XP level 3. HP: 19/24 MP: 6/6
   431 | D:1      | Learned a level 3 spell: Confusing Touch
   435 | D:1      | Learned a level 3 spell: Tukima's Dance
   470 | D:1      | Reached skill level 5 in Hexes
   902 | D:2      | Reached XP level 4. HP: 5/30 MP: 7/7
  1002 | D:2      | Noticed Sigmund
  1167 | D:2      | Found Laja Uzo's Magic Scroll Boutique.
  1549 | D:3      | Found a stormy altar of Qazlal.
  1602 | D:3      | Identified the +0 hand axe of the Trees {flame, rC++}
  1666 | D:3      | Found a hazy altar of Hepliaklqana.
  1666 | D:3      | Found an opulent altar of Gozag.
  1667 | D:3      | Found a shimmering altar of Xom.
  1752 | D:3      | Reached XP level 5. HP: 35/35 MP: 5/9
  1983 | D:3      | Found a shimmering blue altar of Sif Muna.
  2105 | D:4      | Reached skill level 1 in Fighting
  2413 | D:4      | Found a burning altar of Makhleb.
  2421 | D:4      | Identified the +1 whip of Amusin {flame, rN+ SInv}
  2768 | D:5      | Entered Level 5 of the Dungeon
  2843 | D:5      | Reached XP level 6. HP: 37/44 MP: 10/10
  3071 | D:5      | Reached skill level 2 in Fighting
  3582 | D:5      | Reached skill level 3 in Fighting
  3640 | D:5      | Found a runed translucent door.
  3641 | D:5      | Noticed Crazy Yiuf
  3841 | D:5      | Killed Crazy Yiuf
  3966 | D:6      | Noticed an ogre
  3981 | D:6      | Reached XP level 7. HP: 42/52 MP: 11/11
  3986 | D:6      | Reached skill level 4 in Fighting
  4250 | D:6      | Reached skill level 5 in Fighting
  4250 | D:6      | Reached XP level 8. HP: 26/62 MP: 2/12
  4319 | D:6      | Reached skill level 5 in Dodging
  4535 | D:6      | Found a staircase to the Ecumenical Temple.
  4545 | Temple   | Entered the Ecumenical Temple
  4562 | Temple   | Became a worshipper of Warmaster Okawaru
  4937 | D:6      | Reached skill level 6 in Fighting
  5425 | D:7      | Identified the +2 trident "Wamak" {flame, rPois rN+++ Int-2
                  | Stlth-}
  5740 | D:6      | Reached * piety under Okawaru
  5741 | D:6      | Reached skill level 7 in Fighting
  5788 | D:6      | Reached XP level 9. HP: 71/72 MP: 13/13
  6087 | D:7      | Reached skill level 1 in Invocations
  6464 | D:7      | Reached skill level 8 in Fighting
  6736 | D:7      | Reached ** piety under Okawaru
  7377 | D:8      | Noticed a moth of wrath
  7378 | D:8      | Noticed Hyawatha's ghost (novice AtBe)
  7603 | D:8      | Identified the +2 robe "Veajal" {Dex+3}
  7606 | D:8      | Noticed a two-headed ogre
  7607 | D:8      | Found a transporter.
  7611 | D:8      | Found a transporter.
  7612 | D:8      | Found a bloodstained altar of Trog.
  7962 | D:8      | Reached XP level 10. HP: 70/82 MP: 9/14
  8139 | D:8      | Noticed Maurice
  8152 | D:8      | Killed Maurice
  8153 | D:8      | Reached skill level 9 in Fighting
  8153 | D:8      | Reached skill level 5 in Invocations
  8289 | D:8      | Found a sparkling altar of Nemelex Xobeh.
  8541 | D:8      | Reached skill level 10 in Fighting
  8559 | D:8      | Learned a level 7 spell: Storm Form
  8740 | D:8      | Reached skill level 1 in Transmutations
  8752 | D:8      | Reached skill level 1 in Air Magic
  8758 | D:8      | Noticed a kobold demonologist
  8766 | D:8      | Noticed a sixfirhy
  8778 | D:8      | Killed a kobold demonologist
  9003 | D:8      | Reached *** piety under Okawaru
  9281 | D:2      | Bought a scroll of identify for 22 gold pieces
  9281 | D:2      | Bought a scroll of fear for 44 gold pieces
  9281 | D:2      | Bought a scroll of brand weapon for 104 gold pieces
  9281 | D:2      | Bought a scroll of enchant weapon for 82 gold pieces
  9281 | D:2      | Bought a scroll of silence for 104 gold pieces
  9281 | D:2      | Bought a scroll of identify for 22 gold pieces
  9281 | D:2      | Bought a scroll of identify for 22 gold pieces
  9281 | D:2      | Bought a scroll of fear for 44 gold pieces
  9343 | D:2      | Killed Sigmund
  9919 | D:9      | Found a flagged portal.
  9953 | Bailey   | Entered a bailey
 10025 | Bailey   | Reached skill level 5 in Transmutations
 10153 | Bailey   | Noticed an orc knight
 10209 | Bailey   | Mangled by an orc knight

Illustrated notes

Levels and vault maps discovered:
D:1:      shiori_shiawase, layout_basic
D:2:      layout_basic, serial_shops, shop, dreamdust_princess_bridge,
          uniq_sigmund
D:3:      layout_rooms, lemuel_crystal_altar, led_sif_book,
          gammafunk_temple_overflow_claw
D:4:      layout_rooms, bloody_makhleb
D:5:      layout_loops_ring, uniq_crazy_yiuf_cottage
D:6:      layout_basic, minmay_temple_entry_mist
D:7:      layout_basic
D:8:      minmay_chambers_of_sevens, layout_basic, nemelex_spade_bored_becter,
          gammafunk_ghost_wrathful_warriors, chequers_serial_rivers_small_3,
          kennysheep_generic_room_14, uniq_maurice
D:9:      layout_rooms, david_orc_2, enter_bailey_4
Temple:   minmay_freezing_vapour_temple
Bailey:   bailey_polearm_1, bailey

Skill      XL: |  1  2  3  4  5  6  7  8  9 10 |
---------------+-------------------------------+-----
Hexes          | 4 5 6 |  6.0
Spellcasting   | 3 |  3.0
Fighting       | 1 3 5 7 8 10 | 10.0
Dodging        | 2 3 4 6 7 8 |  8.0
Invocations    | 4 5 |  5.0
Transmutations | 5 |  5.1
Air Magic      | 3 |  3.8
Short Blades   | |  1.0
Stealth        | |  3.6

Action                     |  1- 3 |  4- 6 |  7- 9 | 10-12 || total
---------------------------+-------+-------+-------+-------++-------
  Melee: Dagger            |    71 |       |       |       ||    71
         Short sword       |    58 |   260 |   308 |       ||   626
         Punch             |       |     1 |     8 |     4 ||    13
         Dire flail        |       |       |    33 |   159 ||   192
         Quarterstaff      |       |       |    11 |       ||    11
         Trident           |       |       |       |    93 ||    93
   Cast: Confusing Touch   |       |     7 |    28 |    22 ||    57
 Invoke: Heroism           |       |       |     2 |     2 ||     4
  Evoke: Wand              |       |       |       |    15 ||    15
    Use: Potion            |       |     3 |       |     1 ||     4
         Scroll            |       |       |       |     5 ||     5
   Stab: Sleeping          |     1 |     7 |     3 |     1 ||    12
         Distracted        |     1 |       |       |       ||     1
         Confused          |       |     4 |    18 |    10 ||    32
         Invisible         |       |     1 |       |       ||     1
 Armour: Robe              |    20 |    49 |    54 |    60 ||   183
  Dodge: Dodged            |   107 |   136 |   281 |   213 ||   737
